 Dungeon Crawl Stone Soup version 0.29.1-2-gbd0b4ee654 (webtiles) character file.

Game seed: 14657317924497629248

158 unlimited1921 the Magician (level 5, -5/35 HPs)
             Began as a Djinni Fire Elementalist on Nov 2, 2022.
             Was an Initiate of Yredelemnul.
             Slain by a gnoll
             ... wielding a +0 spear
              (6 damage)
             ... on level 3 of the Dungeon.
             The game lasted 00:08:15 (5241 turns).

unlimited1921 the Magician (DjFE)                   Turns: 5241, Time: 00:08:16

Health: -5/35      AC:  2    Str:  7    XL:     5   Next: 66%
Gold:   85         EV: 13    Int: 18    God:    Yredelemnul [......] SH:  0 Dex: 14

rFire   + + .      SeeInvis .   b - +1 mace (vorpal)
rCold   x . .      Faith    .   (no shield)
rNeg    . . .      Spirit   .   a - +0 robe
rPois   ∞          Reflect  .   (no helmet)
rElec   .          Harm     .   (no cloak)
rCorr   .          Rampage  .   (no gloves)
Will    .....                   (boots unavailable)
Stlth   ++........              (no amulet)
HPRegen 0.11/turn               (no ring)
MPRegen 0.00/turn               (no ring)

@: flying
A: sickness immunity, fire resistance 2, cold vulnerability 1, float, innate
caster, HP casting, extra vitality 1
a: Renounce Religion, Recall Undead Harvest


You were on level 3 of the Dungeon.
You worshipped Yredelemnul.
Yredelemnul was noncommittal.
You visited 1 branch of the dungeon, and saw 3 of its levels.

You collected 85 gold pieces.

Inventory:

Hand Weapons
 b - a +1 vorpal mace (weapon)
 d - a +2 dagger of draining
 n - a +1 whip of venom
Armour
 a - a +0 robe (worn)
 e - a +0 leather armour
Jewellery
 l - an amulet of faith
Scrolls
 f - 5 scrolls of teleportation {unknown}
 g - a scroll of summoning {unknown}
 h - a scroll of fog {unknown}
 i - 3 scrolls of poison {unknown}
 m - a scroll of noise {unknown}
 o - a scroll of enchant armour {unknown}
 q - a scroll of identify {unknown}
 r - a scroll of vulnerability {unknown}
Potions
 c - a potion of flight {unknown}
 j - 2 potions of curing {unknown}
 k - a potion of brilliance {unknown}
 p - a potion of might {unknown}
 s - a potion of lignification {unknown}


   Skills:
 + Level 3.2 Dodging
 + Level 2.2 Stealth
 + Level 4.0 Spellcasting


You couldn't memorise any spells.
You knew the following spells:

 Your Spells              Type           Power      Damage    Failure   Level
a - Foxfire               Conj/Fire      72%        2x1d7     2%          1
b - Scorch                Fire           36%        2d7       4%          2
c - Conjure Flame         Conj/Fire      18%        6-21      9%          3
d - Inner Flame           Hex/Fire       18%        N/A       9%          3
e - Flame Wave            Conj/Fire      18%        2d7       28%         4
f - Sting                 Tmut/Pois      72%        1d6       2%          1
g - Wereblood             Tmut           18%        N/A       4%          2
Your spell library was empty.

Dungeon Overview and Level Annotations

Branches:
Dungeon (3/15)

Altars:
Xom
Yredelemnul


Innate Abilities, Weirdness & Mutations

You are immune to sickness and miasma.
You are immune to poison.
Your flesh is very heat resistant. (rF++)
You are vulnerable to cold. (rC-)
You float through the air rather than walking.
You learn spells naturally, not from books.
Your magical power is your life essence.
You have superior vitality. (+4 MHP)


Message History

Flames lash the gnoll.
The gnoll is burned terribly!
You kill the gnoll!
The dead are walking!
A gnoll comes into view. It is wielding a +0 spear.
Casting: Scorch (safe; 4% risk of failure)
Confirm with . or Enter, or press ? or * to list all spells.
You can't see any susceptible monsters within range! (Use Z to cast anyway.)
You are too injured to fight recklessly!
The gnoll hits your giant cockroach zombie with a +0 spear.
Your giant cockroach zombie bites the gnoll but does no damage.
Your gnoll zombie hits the gnoll.
The gnoll hits you from afar with a +0 spear!
* * * LOW HITPOINT WARNING * * *
Your giant cockroach zombie bites the gnoll but does no damage.
Something barely misses your giant cockroach zombie.
Your giant cockroach zombie bites the gnoll but does no damage.
Casting: Scorch (safe; 4% risk of failure)
Confirm with . or Enter, or press ? or * to list all spells.
Flames lash the gnoll.
The gnoll is heavily wounded.
The gnoll's fire resistance burns away.
* * * LOW HITPOINT WARNING * * *
The gnoll hits your giant cockroach zombie with a +0 spear.
Your giant cockroach zombie is destroyed!
Casting: Scorch (safe; 4% risk of failure)
Confirm with . or Enter, or press ? or * to list all spells.
Flames lash the gnoll.
The gnoll is burned terribly!
You kill the gnoll!
* * * LOW HITPOINT WARNING * * *
Something barely misses your gnoll zombie.
Casting: Scorch (safe; 4% risk of failure)
Confirm with . or Enter, or press ? or * to list all spells.
Flames lash the gnoll.
The gnoll is heavily wounded.
The gnoll's fire resistance burns away.
* * * LOW HITPOINT WARNING * * *
Your gnoll zombie hits the gnoll but does no damage.
The gnoll hits you from afar with a +0 spear.
You die...
Your body rises from the dead as a mindless zombie.

.............## ..
......))....... # ..
###.###)#...... #.#.
###.# #.... # .#. ##...#
... #.. #.. ##..####b. .
....#.. ###..##.(...
....<..###.......# ..
.........@Z#(#####...
#.........####g)##......
#.......#####Z..........
#...........#g####......
#............_......###
#...........#.#....##
#.........g....#.###
#.....>.......##.##
#.........÷........


You could see a gnoll (combustible, ally target) and a friendly gnoll zombie.

Vanquished Creatures
  An orc wizard (D:3)
  7 gnolls
  A worm (D:2)
  2 dart slugs
  2 orcs (D:3)
  3 bats
  7 endoplasms
  3 giant cockroaches
  7 goblins
  6 hobgoblins
  A quokka (D:1)
  4 ball pythons
  5 frilled lizards
  4 kobolds
  7 rats
  A spectral orc (D:3)
61 creatures vanquished.

Vanquished Creatures (others)
  2 giant cockroach zombies (D:3)
  A spectral orc (D:3)
  174 foxfires
177 creatures vanquished.

Grand Total: 238 creatures vanquished

Notes
Turn   | Place    | Note
-------+----------+-------------------------------------------
     0 | D:1      | unlimited1921 the Djinni Fire Elementalist began the quest
                  | for the Orb.
     0 | D:1      | unlimited1921 set off with the following spells memorised:
                  | Foxfire, Scorch, Conjure Flame, Inner Flame, Flame Wave.
     0 | D:1      | Reached XP level 1. HP: 15/15 MP: 0/0
    39 | D:1      | Reached XP level 2. HP: 7/21 MP: 0/0
   873 | D:1      | Reached skill level 3 in Spellcasting
   873 | D:1      | Reached XP level 3. HP: 18/25 MP: 0/0
   873 | D:1      | Learned a level 1 spell: Sting
  3071 | D:2      | Reached XP level 4. HP: 27/31 MP: 0/0
  3624 | D:2      | Found a shimmering altar of Xom.
  5020 | D:3      | Found a basalt altar of Yredelemnul.
  5029 | D:3      | Reached XP level 5. HP: 32/35 MP: 0/0
  5029 | D:3      | Learned a level 2 spell: Wereblood
  5119 | D:3      | Became a worshipper of Yredelemnul the Dark
  5143 | D:3      | Reached skill level 4 in Spellcasting
  5241 | D:3      | Slain by a gnoll

Illustrated notes

Levels and vault maps discovered:
D:1:      scummos_arrival_simple_fountains, layout_loops_ring
D:2:      layout_basic, basic_altar
D:3:      layout_rooms, lemuel_crystal_altar, minmay_circle_x

Skill      XL: |  1  2  3  4  5 |
---------------+----------------+-----
Spellcasting   | 3 4 |  4.0
Dodging        | 3 |  3.2
Stealth        | 2 |  2.2

Action                   |  1- 3 |  4- 6 || total
-------------------------+-------+-------++-------
Melee: Mace              |    13 |     3 ||    16
 Cast: Foxfire           |    68 |    47 ||   115
       Scorch            |       |    10 ||    10
       Inner Flame       |       |     3 ||     3
 Stab: Sleeping          |     1 |       ||     1
Armor: Robe              |     3 |     3 ||     6
Dodge: Dodged            |     5 |     6 ||    11
